 Dungeon Crawl Stone Soup version 0.19.1-1-g22dce08 (webtiles) character file.

524 Alarkh the Cleaver (level 7, 0/57 HPs)
             Began as a Green Draconian Monk on Jan 4, 2017.
             Succumbed to an adder's poison
             ... on level 5 of the Dungeon.
             The game lasted 00:06:28 (3148 turns).

Alarkh the Cleaver (Green Draconian Monk)           Turns: 3148, Time: 00:06:28

Health: 0/57       AC:  9    Str: 13      XL:     7   Next: 2%
Magic:  7/7        EV: 13    Int: 12 (13) God:
Gold:   196        SH:  0    Dex: 13      Spells: 0 memorised, 6 levels left

rFire  + . .     SeeInvis .     a - +0 hand axe
rCold  . . .     Gourm    .     (armour unavailable)
rNeg   . . .     Faith    .     (no shield)
rPois  +         Spirit   .     (helmet restricted)
rElec  .         Reflect  .     z - +0 cloak
rCorr  .         Harm     .     c - +1 pair of gloves
MR     +....     Clarity  +     (no boots)
Stlth  ++........               (no amulet)
                                u - ring of protection from magic
                                n - ring of protection from fire

@: lethally poisoned (0 -> -2)
A: breathe noxious fumes, unfitting armour, blink, clarity, deterioration 1,
poison resistance, cold-blooded, AC +6
a: Breathe Noxious Fumes, Blink


You were on level 5 of the Dungeon.
You were not hungry.

You visited 1 branch of the dungeon, and saw 5 of its levels.
You also visited: Ossuary.

You collected 196 gold pieces.

Inventory:

Hand Weapons
 a - a +0 hand axe (weapon)
Armour
 c - a +1 pair of gloves (worn)
 w - a +1 pair of gloves
 z - a +0 cloak (worn)
Jewellery
 g - an uncursed ring of protection from cold
 n - a ring of protection from fire (left hand)
 t - an uncursed ring of wizardry
 u - a ring of protection from magic (right hand)
Wands
 x - a wand of random effects (23/48)
 y - a wand of lightning (8/15)
 B - a wand of paralysis (11/24)
Scrolls
 d - a scroll of identify
 h - a scroll of noise {unknown}
 i - a scroll of enchant armour {unknown}
 j - a scroll of random uselessness {unknown}
 l - a scroll of immolation {unknown}
 m - 4 scrolls of magic mapping
 p - a scroll of amnesia {unknown}
 q - 2 scrolls of blinking
 r - a scroll of fear {unknown}
 s - a scroll of remove curse {unknown}
 v - a scroll of fog {unknown}
 F - 3 scrolls of teleportation {unknown}
Potions
 e - 4 potions of resistance {unknown}
 f - 2 potions of might {unknown}
 k - a potion of lignification {unknown}
 A - 2 potions of brilliance {unknown}
 C - a potion of heal wounds
 D - 2 potions of invisibility {unknown}
 E - a potion of beneficial mutation {unknown}
 G - a potion of ambrosia
Comestibles
 b - 5 bread rations
 o - 2 beef jerkies
 H - 7 chunks of flesh


   Skills:
 - Level 3.2 Fighting
 + Level 8.0 Axes
 - Level 2.6 Dodging
 - Level 1.7 Stealth


You had 6 spell levels left.
You didn't know any spells.

Dungeon Overview and Level Annotations

Branches:
Dungeon (5/15)
 Temple: D:4-7

Altars:
Fedhas

Annotations:
D:3 Alarkh's ghost, amateur DsSk; Grinder
D:5 Alarkh's ghost, novice DrBe


Innate Abilities, Weirdness & Mutations

You can breathe blasts of noxious fumes.
Your lurid green scales are hard. (AC +6)
You cannot fit into any form of body armour.
Your system is resistant to poisons. (rPois)
You are cold-blooded and may be slowed by cold attacks.
You can translocate small distances at will.
You possess an exceptional clarity of mind.
Your body sometimes deteriorates upon taking damage.


Message History

* * * LOW HITPOINT WARNING * * *
The adder barely misses you. The hound barely misses you. The adder bites you.
* * * LOW HITPOINT WARNING * * *
You are poisoned.
The adder poisons you! The hound closely misses you. The adder bites you.
* * * LOW HITPOINT WARNING * * *
* * * LOW HITPOINT WARNING * * *
You feel sick. The hound bites you but does no damage.
The adder barely misses you. The hound bites you.
* * * LOW HITPOINT WARNING * * *
The adder misses you. The hound closely misses you.
* * * LOW HITPOINT WARNING * * *
You feel sick. The adder completely misses you.
The hound bites you but does no damage. The hound barely misses you.
The adder misses you. The hound bites you.
* * * LOW HITPOINT WARNING * * *
The adder closely misses you.
You die...

#.$.........#
#............#
#............#
#.............#
#.............#
#.............#
##.<...........#
#.hS>..........
#.@...........
#............
#...##......
#...# ###..
#...# #...#
#####


You could see a hound and an adder.

Vanquished Creatures
  3 water moccasin zombies (Ossuary)
  Jessica (D:2)
  Natasha (D:4)
  4 worker ants (D:4)
  A big kobold zombie (Ossuary)
  A hound skeleton (D:4)
  2 mummies (Ossuary)
  3 adders (D:2)
  An ooze (D:1)
  6 adder zombies (Ossuary)
  3 worms (D:2)
  4 dart slugs
  6 leopard geckos
  5 orcs
  7 bats
  A giant cockroach (D:1)
  6 goblins
  6 hobgoblins
  10 jackals
  5 kobolds
  2 quokkas (D:4)
  3 frilled lizards
  8 hobgoblin zombies (Ossuary)
  A jackal skeleton (D:4)
  2 kobold zombies (Ossuary)
  3 orc zombies (Ossuary)
  10 rats
105 creatures vanquished.

Notes
Turn   | Place    | Note
-------+----------+-------------------------------------------
     0 | D:1      | Alarkh the Draconian Monk began the quest for the Orb.
     0 | D:1      | Reached XP level 1. HP: 19/19 MP: 1/1
    96 | D:1      | Reached XP level 2. HP: 24/26 MP: 2/2
   160 | D:1      | Reached skill level 4 in Axes
   174 | D:1      | Reached XP level 3. HP: 23/31 MP: 3/3
   796 | D:2      | Reached XP level 4. HP: 14/38 MP: 4/4
  1022 | D:2      | Reached skill level 5 in Axes
  1208 | D:2      | Noticed Jessica
  1264 | D:2      | Killed Jessica
  1456 | D:3      | Noticed Alarkh's ghost (amateur DsSk)
  1460 | D:3      | Gained mutation: Your body sometimes deteriorates upon taking damage. [potion of mutation]
  1460 | D:3      | Gained mutation: You possess an exceptional clarity of mind. [potion of mutation]
  1460 | D:3      | Gained mutation: You can translocate small distances at will. [potion of mutation]
  1467 | D:3      | Reached XP level 5. HP: 45/45 MP: 5/5
  1637 | D:3      | Noticed Grinder
  1670 | D:3      | Found a blossoming altar of Fedhas.
  1810 | D:3      | Paralysed by Grinder for 3 turns
  1824 | D:3      | Paralysed by Grinder for 5 turns
  1830 | D:3      | Paralysed by Grinder for 6 turns
  1888 | D:4      | Reached skill level 6 in Axes
  2078 | D:4      | Found a sand-covered staircase.
  2105 | Ossuary  | Entered an ossuary
  2210 | Ossuary  | Reached XP level 6. HP: 24/51 MP: 6/6
  2359 | Ossuary  | Reached skill level 7 in Axes
  2719 | D:5      | Entered Level 5 of the Dungeon
  2734 | D:5      | Noticed Alarkh's ghost (novice DrBe)
  3050 | D:4      | Reached skill level 8 in Axes
  3076 | D:4      | Noticed Natasha
  3091 | D:4      | Killed Natasha
  3091 | D:4      | Your scales start taking on a lurid green colour.
  3091 | D:4      | Reached XP level 7. HP: 26/57 MP: 7/7
  3091 | D:4      | Gained mutation: Your system is resistant to poisons. (rPois) [Green Draconian growth]
  3146 | D:5      | HP: 2/57 [poisoned by an adder]
  3148 | D:5      | Succumbed to an adder's poison

Skill      XL: |  1  2  3  4  5  6 |
---------------+-------------------+-----
Axes           | 4 5 6 8 |  8.0
Fighting       | |  3.2
Dodging        | |  2.6
Stealth        | |  1.7

Action                   |  1- 3 |  4- 6 |  7- 9 || total
-------------------------+-------+-------+-------++-------
Melee: Hand axe          |   118 |   341 |       ||   459
       Tailslap          |    15 |    50 |       ||    65
Evoke: Wand              |       |     1 |       ||     1
  Use: Scroll            |     1 |     2 |       ||     3
       Potion            |       |     5 |       ||     5
 Stab: Sleeping          |     3 |     6 |       ||     9
       Paralysed         |       |     2 |       ||     2
  Eat: Chunk             |       |     7 |       ||     7
       Fruit             |       |     1 |       ||     1
Armor: Skin              |    46 |   114 |    19 ||   179
Dodge: Dodged            |    70 |   216 |    49 ||   335
